 Dungeon Crawl Stone Soup version 0.27-a0-1147-gb3d8e82157 (webtiles) character file.

Game seed: 18250845087231210125

258460 leviel the Severer (level 19, -16/160 HPs)
             Began as a Minotaur Fighter on May 11, 2021.
             Was the Champion of the Shining One.
             Demolished by an azure jelly (28 damage)
             ... created by the Royal Jelly
             ... on level 5 of the Pits of Slime on May 12, 2021.
             The game lasted 01:18:19 (30917 turns).

leviel the Severer (Minotaur Fighter)              Turns: 30917, Time: 01:18:20

Health: -16/160    AC: 21    Str: 35    XL:     19   Next: 12%
Magic:  26/26      EV: 16    Int:  3    God:    the Shining One [******]
Gold:   4725       SH: 15    Dex: 15    Spells: 18/18 levels left

rFire    . . .     SeeInvis .   a - +5 war axe (venom)
rCold    . . .     Faith    .   c - +0 kite shield
rNeg     + + +     Spirit   .   j - +4 plate armour
rPois    .         Reflect  .   (helmet restricted)
rElec    .         Harm     .   L - +0 cloak
rCorr    +         Rampage  +   i - +2 pair of gloves
Will     +....     Rnd*Rage +   M - +1 pair of boots {rampage}
Stlth    ..........             p - amulet of regeneration
HPRegen  1.36/turn              W - ring of resist corrosion
MPRegen  0.20/turn              I - ring "Zeboasut" {Str+7 Int-2 Dex+4 Slay+4}

@: about to teleport, corroded, hasted, glowing, very quick
A: horns 2, retaliatory headbutt, berserk 1
}: 2/15 runes: decaying, gossamer
a: Renounce Religion, Divine Shield, Cleansing Flame, Summon Divine Warrior,
Brand Weapon With Holy Wrath


You were on level 5 of the Pits of Slime.
You worshipped the Shining One.
The Shining One was exalted by your worship.
You visited 7 branches of the dungeon, and saw 37 of its levels.
You also visited: Sewer, Ossuary and Ice Cave.

You collected 5457 gold pieces.
You spent 732 gold pieces at shops.

Inventory:

Hand Weapons
 a - a +5 war axe of venom (weapon)
 b - a +1 scimitar of flaming
Missiles
 h - 2 throwing nets
 k - 6 javelins (quivered)
 A - 17 curare-tipped darts
Armour
 c - a +0 kite shield (worn)
 i - a +2 pair of gloves (worn)
 j - a +4 plate armour (worn)
 L - a +0 cloak (worn)
 M - a +1 pair of boots of rampaging (worn)
 U - +2 ice dragon scales
Jewellery
 e - the ring of Ewkere {rElec rPois Str-2 Int+6 Dex+6}
   (You acquired it on level 5 of the Dungeon)

   [ring of dexterity]

   It affects your strength (-2).
   It affects your intelligence (+6).
   It affects your dexterity (+6).
   It insulates you from electricity.
   It protects you from poison.
 p - an amulet of regeneration (around neck)
 u - a +6 ring of dexterity
 w - a +6 ring of strength
 I - the ring "Zeboasut" (right hand) {Str+7 Int-2 Dex+4 Slay+4}
   (You found it on level 3 of the Lair of Beasts)

   [ring of slaying]

   It affects your strength (+7).
   It affects your intelligence (-2).
   It affects your dexterity (+4).
   It affects your accuracy and damage with ranged weapons and melee attacks
   (+4).
 W - a ring of resist corrosion (left hand)
Wands
 t - a wand of iceblast (19)
 z - a wand of acid (4)
 D - a wand of digging (10)
 F - a wand of mindburst (14)
 H - a wand of flame (37)
 J - a wand of paralysis (8)
 Y - a wand of polymorph (9)
Scrolls
 f - 12 scrolls of teleportation
 m - 9 scrolls of identify {@r1}
 n - a scroll of magic mapping
 y - a scroll of holy word
 C - 4 scrolls of fog
 E - a scroll of amnesia
 P - 2 scrolls of silence
 T - a scroll of enchant armour
Potions
 d - 3 potions of might
 g - 9 potions of curing
 r - 5 potions of resistance
 v - 4 potions of brilliance
 x - 7 potions of attraction
 B - a potion of flight
 G - a potion of haste
 N - a potion of berserk rage
 R - 3 potions of mutation
 S - 7 potions of ambrosia
 V - a potion of lignification
Miscellaneous
 q - a phantom mirror
 s - a box of beasts
 K - a lightning rod (4/4)
 Q - a tin of tremorstones (2/2)


   Skills:
 - Level 12.2 Fighting
 - Level 18.0 Axes
 + Level 10.7 Throwing
 - Level 16.8 Armour
 - Level 15.2 Dodging
 - Level 15.0 Shields
 - Level 11.9 Invocations
 - Level 10.2 Evocations


You had 18 spell levels left.
You didn't know any spells.
Your spell library contained the following spells:

 Spells                   Type           Power      Damage    Failure   Level
 Animate Skeleton         Necr           0%         N/A       94%         1
 Apportation              Tloc           0%         N/A       94%         1
 Corona                   Hex            0%         N/A       94%         1
 Magic Dart               Conj           0%         1d3       94%         1
 Summon Small Mammal      Summ           0%         N/A       94%         1
 Blink                    Tloc           N/A        N/A       98%         2
 Call Imp                 Summ           0%         N/A       98%         2
 Corpse Rot               Necr/Air       N/A        N/A       98%         2
 Passwall                 Tmut/Erth      0%         N/A       98%         2
 Searing Ray              Conj           0%         3d3       98%         2
 Sublimation of Blood     Necr           0%         N/A       98%         2
 Call Canine Familiar     Summ           0%         N/A       100%        3
 Confusing Touch          Hex            0%         N/A       100%        3
 Dazzling Flash           Conj/Hex       0%         N/A       100%        3
 Gell's Gravitas          Tloc           0%         N/A       100%        3
 Ignite Poison            Fire/Tmut/Pois 0%         N/A       100%        3
 Lesser Beckoning         Tloc           0%         N/A       100%        3
 Summon Guardian Golem    Hex/Summ       0%         N/A       100%        3
 Swiftness                Air            0%         N/A       100%        3
 Teleport Other           Tloc           0%         N/A       100%        3
 Tukima's Dance           Hex            0%         N/A       100%        3
 Animate Armour           Summ/Erth      0%         N/A       100%        4
 Dispel Undead            Necr           0%         3d6       100%        4
 Fulminant Prism          Conj/Hex       0%         3d6       100%        4
 Ice Form                 Ice/Tmut       0%         N/A       100%        4
 Iskenderun's Mystic Bla  Conj/Tloc      0%         2d3       100%        4
 Leda's Liquefaction      Hex/Erth       0%         N/A       100%        4
 Passage of Golubria      Tloc           N/A        N/A       100%        4
 Petrify                  Tmut/Erth      0%         N/A       100%        4
 Summon Ice Beast         Ice/Summ       0%         N/A       100%        4
 Summon Lightning Spire   Summ/Air       0%         N/A       100%        4
 Agony                    Necr           0%         N/A       100%        5
 Alistair's Intoxication  Tmut/Pois      0%         N/A       100%        5
 Bolt of Magma            Conj/Fire/Erth 0%         4d4       100%        5
 Excruciating Wounds      Necr           0%         N/A       100%        5
 Hydra Form               Tmut           0%         N/A       100%        5
 Irradiate                Conj/Tmut      0%         3d13      100%        5
 Lee's Rapid Deconstruct  Erth           0%         3d5*      100%        5
 Manifold Assault         Tloc           0%         N/A       100%        5
 Metabolic Englaciation   Hex/Ice        0%         N/A       100%        5
 Yara's Violent Unravell  Hex/Tmut       0%         3d3       100%        5
 Eringya's Noxious Bog    Tmut/Pois      0%         N/A       100%        6
 Freezing Cloud           Conj/Ice/Air   0%         6-21      100%        6
 Invisibility             Hex            0%         N/A       100%        6
 Iron Shot                Conj/Erth      0%         9d1       100%        6
 Simulacrum               Ice/Necr       0%         N/A       100%        6
 Statue Form              Tmut/Erth      0%         N/A       100%        6
 Ozocubu's Refrigeration  Ice            0%         4d5       100%        7
 Shatter                  Erth           0%         3d5*      100%        9


Dungeon Overview and Level Annotations

Branches:
Dungeon (15/15)            Temple (0/1) D:5            Lair (6/6) D:10
  Swamp (4/4) Lair:3       Spider (4/4) Lair:2        Slime (5/5) Lair:6
    Orc (2/2) D:12            Elf (0/3) Orc:2        Vaults (1/5) D:13
 Depths (0/5) D:15          Sewer (visited)         Ossuary (visited)
  IceCv (visited)

Altars:
Cheibriados
Fedhas
Kikubaaqudgha
Okawaru
Qazlal
Sif Muna
Trog
Vehumet
Zin
The Shining One
Beogh
Jiyva

Shops:
D:13 *   Orc:2 (*:(

Annotations:
D:6 2 transporters
D:9 reriks's ghost, journeyman OpFE
Slime:5 Royal Jelly


Innate Abilities, Weirdness & Mutations

You have a pair of horns on your head.
You reflexively headbutt those who attack you in melee.
You tend to lose your temper in combat.


Message History

The Royal Jelly hits you!
You are splashed with acid.
You resist. You block the Royal Jelly's attack.
Unknown command.
You slash the rockslime!
You headbutt the rockslime, but do no damage.
The rockslime is moderately wounded.
You slash the Royal Jelly!
The Royal Jelly is poisoned.
The acid corrodes you!
Your hands burn!
The Royal Jelly shudders vigorously.
The Royal Jelly spits out two more jellies.
The rockslime hits you but does no damage.
You completely miss the rockslime.
You headbutt the rockslime, but do no damage.
The rockslime is moderately wounded.
You hit the acid blob.
Your hands burn!
You hit the azure jelly.
You hit the Royal Jelly but do no damage.
Your hands burn!
You block the Royal Jelly's attack. The Royal Jelly misses you.
A rockslime comes into view.
The rockslime hits you!!
You hold your ground!
The azure jelly quivers.
As you read the scroll of teleportation, it crumbles to dust.
You feel strangely unstable. You block the Royal Jelly's attack.
The Royal Jelly completely misses you.
The azure jelly jiggles.
You block the azure jelly's attack. The azure jelly hits you.
The azure jelly freezes you!!!
* * * LOW HITPOINT WARNING * * *
The azure jelly hits you.
* * * LOW HITPOINT WARNING * * *
The azure jelly misses you. The acid blob closely misses you.
You feel much better.
The Royal Jelly shudders.
The Royal Jelly spits out another jelly.
You block the rockslime's attack. The Royal Jelly hits you!!
* * * LOW HITPOINT WARNING * * *
You are splashed with acid.
You resist.
* * * LOW HITPOINT WARNING * * *
The Royal Jelly misses you. The azure jelly hits you.
* * * LOW HITPOINT WARNING * * *
The azure jelly freezes you!!
You die...

...J...................
..JJ...................
...JJJ.................
...J...........J.......
..........J............
...JJ.........JG.......
...(.......####J#####.
..........## #JJ##[##
.J.......##?: ##@#$/!## .......
........##!:/##JJ##()?##.........
....J..##))(=?#.##()$[?##........
...J...##((}(##..##)[[[##........
.......###!)#|##.#)#$$###........
.......########..########........
.......#J..#........#...#........
.......ยง.#...#.._.#...#..........
.......########..########........


You could see the Royal Jelly (very poisoned), an acid blob, 2 azure jellies, 2
rockslimes, a shining eye and a quicksilver ooze.

Vanquished Creatures
  Arachne (Spider:4)
  Jorgrun (Orc:1)
  Rupert (D:14)
  10 acid blobs
  A sphinx (D:15)
  Agnes (Spider:1)
  3 azure jellies (Slime:5)
  Roxanne (Spider:4)
  8 rockslimes
  A frost giant (IceCv)
  3 ghost moths
  Aizul (Spider:3)
  2 orc warlords
  9 emperor scorpions
  An ironbound preserver (D:13)
  7 quicksilver oozes
  8 entropy weavers
  4 bunyips
  2 eleionomae
  An ettin (Orc:2)
  5 fire dragons
  4 great orbs of eyes
  A shambling mangrove (Swamp:4)
  8 boulder beetles
  4 vault guards (D:13)
  Harold (D:9)
  22 hydras
  2 ice dragons
  2 ogre magi (D:15)
  An ironbound frostheart (Vaults:1)
  Erica (D:9)
  3 centaur warriors
  10 two-headed ogres
  A death knight (D:15)
  A tengu warrior (D:15)
  8 alligators
  4 death yaks (Lair:6)
  9 orc high priests (Orc:2)
  Sonja (Lair:3)
  A deep elf knight (D:13)
  A fire crab (Swamp:4)
  5 skeletal warriors
  3 goliath frogs
  3 deep trolls (Vaults:1)
  A glowing orange brain (Slime:4)
  2 ironbound convokers (Vaults:1)
  2 spriggan druids
  2 bog bodies
  2 lindwurms
  A phantasmal warrior (D:15)
  20 orb spiders
  5 swamp dragons (Swamp:4)
  A deep elf pyromancer (D:15)
  6 orc knights
  2 orc sorcerers
  35 wolf spiders
  3 manticores
  3 moths of wrath
  2 shining eyes
  5 ugly things (D:15)
  7 cyclopes
  A vault sentinel (Vaults:1)
  6 elephants
  4 black mambas
  A guardian serpent (D:13)
  An ice statue (IceCv)
  26 cane toads
  2 eyes of devastation
  2 gargoyles
  4 unseen horrors
  Psyche (D:9)
  A torpor snail (Spider:1)
  4 freezing wraiths (D:15)
  3 kobold demonologists (D:10)
  3 tengu conjurers (D:13)
  10 komodo dragons
  24 demonic crawlers
  5 rime drakes
  A yaktaur (shapeshifter) (D:13)
  A meliai (D:13)
  19 polar bears
  32 jumping spiders
  7 trolls
  13 hornets
  57 slime creatures
  18 blink frogs
  7 tyrant leeches
  2 centaur simulacra
  3 shadows
  73 redbacks
  9 spriggans
  A spriggan (shapeshifter) (D:15)
  The ghost of hgbash the Digger, an amateur GrEE of Sif Muna (D:5)
  4 wyverns
  47 yaks
  4 wraiths
  A vampire (D:10)
  39 tarantellas
  8 basilisks
  A yak (shapeshifter) (D:13)
  A human (D:13)
  18 vampire mosquitoes
  4 golden eyes
  3 steam dragons (Swamp:4)
  A redback simulacrum (D:15)
  10 swamp worms
  17 water moccasins
  6 wargs
  A two-headed ogre zombie (D:12)
  20 orc warriors
  7 swamp drakes
  An ice beast (D:8)
  8 ogres
  5 black bears
  5 boggarts (D:15)
  A necrophage (D:8)
  29 wolves
  7 centaurs
  A phantom (D:7)
  2 kobold brigands
  A gnoll sergeant (D:11)
  25 bullfrogs
  2 scorpions
  3 water moccasin zombies (D:5)
  A wyvern skeleton (D:6)
  A water moccasin skeleton (D:5)
  A troll zombie (D:12)
  4 killer bees (D:9)
  3 wights (D:7)
  3 electric eels
  5 howler monkeys
  A crimson imp (D:5)
  5 centaur zombies
  A bullfrog zombie (D:5)
  A lava snake (Swamp:4)
  4 hounds
  2 jellies
  35 orc priests
  A centaur skeleton (D:7)
  19 orc wizards
  3 iguanas
  2 scorpion zombies (D:5)
  6 ogre zombies (D:12)
  A hound zombie (D:5)
  3 hound skeletons
  A mummy (Ossuary)
  2 howler monkey zombies
  8 gnolls
  A howler monkey skeleton (D:5)
  5 adders
  2 white imps
  A worm (D:2)
  4 dart slugs
  75 orcs
  5 ball pythons
  6 endoplasms
  4 giant cockroaches
  A goblin (D:4)
  2 hobgoblins
  4 jackals
  5 quokkas
  5 bats
  4 frilled lizards
  4 gnoll skeletons (Ossuary)
  A goblin skeleton (D:12)
  2 goblin zombies (D:12)
  2 hobgoblin skeletons (D:12)
  5 hobgoblin zombies (D:12)
  14 kobolds
  9 kobold skeletons
  2 kobold zombies (D:5)
  20 orc skeletons
  11 orc zombies (D:12)
  2 rats
  A bush (D:8)
  A butterfly (Lair:2)
1201 creatures vanquished.

Vanquished Creatures (collateral kills)
  2 acid blobs (Slime:5)
  A rockslime (Slime:5)
  2 quicksilver oozes (Slime:5)
5 creatures vanquished.

Vanquished Creatures (others)
  A lindwurm (Swamp:4)
  3 bloated husks (Swamp:2)
  A polar bear (D:12)
  A spriggan (Swamp:2)
  A yak (IceCv)
  A steam dragon (Swamp:4)
  4 swamp drakes (Swamp:4)
  A wolf (IceCv)
  46 fungi
  150 plants
  2 withered plants (D:5)
211 creatures vanquished.

Grand Total: 1417 creatures vanquished

Notes
Turn   | Place    | Note
-------+----------+-------------------------------------------
     0 | D:1      | leviel the Minotaur Fighter began the quest for the Orb.
     0 | D:1      | Reached XP level 1. HP: 19/19 MP: 0/0
   317 | D:1      | Reached XP level 2. HP: 22/27 MP: 1/1
   816 | D:2      | Found a glowing silver altar of Zin.
   964 | D:2      | Found a faded altar of an unknown god.
  1695 | D:3      | Reached XP level 3. HP: 31/33 MP: 2/2
  1865 | D:3      | Reached skill level 3 in Axes
  1868 | D:3      | Reached XP level 4. HP: 35/41 MP: 3/3
  1974 | D:3      | Reached skill level 5 in Fighting
  1974 | D:3      | Reached XP level 5. HP: 48/48 MP: 4/4
  2182 | D:4      | Reached XP level 6. HP: 34/57 MP: 5/5
  2187 | D:4      | Reached skill level 5 in Shields
  2191 | D:4      | Reached skill level 4 in Axes
  2366 | D:4      | Reached skill level 5 in Armour
  2759 | D:4      | Found a sand-covered staircase.
  2766 | Ossuary  | Entered an ossuary
  2766 | Ossuary  | Noticed a wraith
  2766 | Ossuary  | Noticed a wraith
  2766 | Ossuary  | Noticed a wraith
  2904 | Ossuary  | Noticed a wraith
  2917 | Ossuary  | Killed a wraith
  2918 | Ossuary  | Reached XP level 7. HP: 42/64 MP: 6/6
  3189 | D:5      | Entered Level 5 of the Dungeon
  3197 | D:5      | Found a glowing golden altar of the Shining One.
  3216 | D:5      | Became a worshipper of the Shining One
  3225 | D:5      | Found a glowing drain.
  3243 | Sewer    | Entered a sewer
  3310 | Sewer    | Reached skill level 5 in Axes
  3428 | D:5      | Found a runed translucent gate.
  3428 | D:5      | Found a runed translucent gate.
  3428 | D:5      | Found a runed translucent gate.
  3430 | D:5      | Noticed hgbash's ghost (amateur GrEE)
  3582 | D:5      | Reached * piety under the Shining One
  3598 | D:5      | Reached XP level 8. HP: 74/74 MP: 7/7
  3824 | D:5      | Found a staircase to the Ecumenical Temple.
  4039 | D:5      | Killed hgbash's ghost
  4040 | D:5      | Reached skill level 6 in Axes
  4061 | D:5      | Identified 2 scrolls of acquirement
  4061 | D:5      | Acquired the ring of Ewkere {rElec rPois Str-2 Int+6 Dex+6}
  4062 | D:5      | Acquired 1174 gold pieces
  4235 | D:6      | Found a transporter.
  4260 | D:6      | Found a transporter.
  5013 | D:6      | You fall into a shaft and drop 3 floors!
  5013 | D:9      | Noticed Erica
  5037 | D:9      | Killed Erica
  5038 | D:9      | Reached skill level 10 in Fighting
  5038 | D:9      | Reached skill level 7 in Axes
  5038 | D:9      | Reached XP level 9. HP: 23/85 MP: 8/8
  5585 | D:9      | Noticed a two-headed ogre
  5593 | D:9      | Killed a two-headed ogre
  5594 | D:9      | Reached skill level 8 in Axes
  5594 | D:9      | Reached XP level 10. HP: 85/96 MP: 9/9
  5671 | D:9      | Noticed Psyche
  5677 | D:9      | Killed Psyche
  5962 | D:9      | Noticed Harold
  5979 | D:9      | Killed Harold
  6480 | D:9      | Found a large runed translucent door.
  6480 | D:9      | Found a large runed translucent door.
  6484 | D:9      | Noticed reriks's ghost (journeyman OpFE)
  6579 | D:9      | Found a bloodstained altar of Trog.
  6582 | D:9      | Found a stormy altar of Qazlal.
  6697 | D:10     | Entered Level 10 of the Dungeon
  6995 | D:10     | Reached ** piety under the Shining One
  7001 | D:10     | Reached skill level 9 in Axes
  7039 | D:10     | Found a staircase to the Lair.
  7248 | D:10     | Acquired 910 gold pieces
  7249 | D:10     | Acquired an amulet of regeneration
  7276 | D:10     | Reached skill level 10 in Axes
  7285 | D:10     | Reached skill level 10 in Armour
  7285 | D:10     | Reached skill level 10 in Shields
  7285 | D:10     | Reached XP level 11. HP: 63/104 MP: 10/10
  7404 | D:10     | Noticed a two-headed ogre
  7408 | D:10     | Killed a two-headed ogre
  7595 | D:10     | Reached skill level 11 in Axes
  8099 | D:8      | Found a shimmering blue altar of Sif Muna.
  8099 | D:8      | Found a snail-covered altar of Cheibriados.
  8099 | D:8      | Found a radiant altar of Vehumet.
  8101 | D:8      | Found a glowing silver altar of Zin.
  8115 | D:8      | Found a blossoming altar of Fedhas.
  8185 | D:8      | Reached *** piety under the Shining One
  8970 | D:7      | Found an ancient bone altar of Kikubaaqudgha.
 10114 | D:11     | Noticed a two-headed ogre
 10120 | D:11     | Killed a two-headed ogre
 10121 | D:11     | Reached skill level 1 in Dodging
 10121 | D:11     | Reached skill level 1 in Invocations
 10179 | Lair:1   | Entered Level 1 of the Lair of Beasts
 10415 | Lair:1   | Noticed a seven-headed hydra
 10416 | Lair:1   | Reached **** piety under the Shining One
 10428 | Lair:1   | Killed a two-headed hydra
 10429 | Lair:1   | Reached skill level 12 in Axes
 11055 | Lair:1   | Identified the +5 dagger "Oloitrap" {flame, rCorr}
 11183 | Lair:2   | Reached XP level 12. HP: 111/112 MP: 13/13
 11491 | Lair:2   | Found a hole to the Spider Nest.
 11962 | Lair:3   | Noticed Sonja
 11978 | Lair:3   | Killed Sonja
 11979 | Lair:3   | Reached skill level 13 in Axes
 12035 | Lair:3   | Identified the ring "Zeboasut" {Str+7 Int-2 Dex+4 Slay+4}
 12260 | Lair:3   | Identified the ring "Ifoubucw" {rElec rF+ Int+6}
 12464 | Lair:3   | Reached skill level 5 in Dodging
 12487 | Lair:3   | The Shining One protects you from harm!
 12604 | Lair:3   | Found a staircase to the Swamp.
 12871 | Lair:4   | Noticed an eight-headed hydra
 12877 | Lair:4   | Killed a six-headed hydra
 12928 | Lair:4   | Noticed a six-headed hydra
 12935 | Lair:4   | Killed a two-headed hydra
 12942 | Lair:4   | Reached skill level 5 in Invocations
 13311 | Lair:4   | Reached skill level 14 in Axes
 13321 | Lair:4   | Reached XP level 13. HP: 88/118 MP: 15/15
 14389 | Lair:6   | Entered Level 6 of the Lair of Beasts
 14474 | Lair:6   | Reached ***** piety under the Shining One
 14546 | Lair:6   | Reached skill level 15 in Axes
 14964 | Lair:6   | Identified the ring of Ruvykuf {Drain Fly rElec Dex+6
                  | Stlth+}
 15026 | Lair:6   | Reached XP level 14. HP: 126/126 MP: 18/18
 15089 | Lair:6   | Found a staircase to the Slime Pits.
 16716 | D:12     | Found a frozen archway.
 16776 | IceCv    | Entered an ice cave
 16823 | IceCv    | Reached skill level 16 in Axes
 17119 | IceCv    | Reached ****** piety under the Shining One
 17153 | IceCv    | Noticed a frost giant
 17164 | IceCv    | Killed a frost giant
 17733 | D:12     | You fall into a shaft and drop 3 floors!
 17733 | D:15     | Entered Level 15 of the Dungeon
 17952 | D:14     | Noticed Rupert
 17958 | D:14     | Paralysed by Rupert for 4 turns
 17968 | D:14     | Killed Rupert
 18582 | D:13     | Reached skill level 17 in Axes
 18582 | D:13     | Reached XP level 15. HP: 133/133 MP: 20/20
 18622 | D:13     | Identified the Handbook of Distant Shores
 18622 | D:13     | Identified the +2 helmet of the Lute {rPois Will++ MP-9
                  | Str+3 Int+3}
 19015 | D:13     | Found Wylusef's Assorted Antiques.
 19023 | D:13     | Bought 2 potions of might for 256 gold pieces
 19023 | D:13     | Bought a potion of resistance for 320 gold pieces
 19425 | D:13     | Found a gate to the Vaults.
 19710 | D:12     | Found a staircase to the Orcish Mines.
 20245 | D:15     | Reached skill level 10 in Dodging
 20372 | D:15     | Found an iron altar of Okawaru.
 20397 | D:15     | Identified the +6 falchion "Ogreslayer" {drain, Dex+6}
 20557 | D:15     | Reached skill level 18 in Axes
 20743 | D:15     | Noticed a sphinx
 20749 | D:15     | Killed a sphinx
 20883 | D:15     | Found a staircase to the Depths.
 21254 | Orc:1    | Entered Level 1 of the Orcish Mines
 21254 | Orc:1    | Noticed Jorgrun
 21270 | Orc:1    | Killed Jorgrun
 21271 | Orc:1    | Reached skill level 15 in Armour
 21634 | Orc:2    | Entered Level 2 of the Orcish Mines
 21687 | Orc:2    | Found a staircase to the Elven Halls.
 21822 | Orc:2    | Reached skill level 15 in Shields
 21822 | Orc:2    | Reached XP level 16. HP: 113/139 MP: 22/22
 21895 | Orc:2    | Found Qauci's Antique Weapon Emporium.
 21908 | Orc:2    | Found Otoabrid's Book Boutique.
 22100 | Orc:2    | Reached skill level 10 in Invocations
 22469 | Orc:2    | Found Vewnops's Assorted Antiques.
 22469 | Orc:2    | Found Vaxy's Antique Weapon Boutique.
 22480 | Orc:2    | Bought a runed war axe for 156 gold pieces
 23173 | Swamp:1  | Entered Level 1 of the Swamp
 23368 | Spider:1 | Entered Level 1 of the Spider Nest
 23413 | Spider:1 | Noticed Agnes
 23422 | Spider:1 | Killed Agnes
 24691 | Spider:2 | You fall into a shaft and drop 1 floor!
 24969 | Spider:3 | Reached XP level 17. HP: 95/146 MP: 24/24
 25039 | Spider:3 | Reached skill level 1 in Evocations
 25046 | Spider:3 | Noticed Aizul
 25071 | Spider:3 | Killed Aizul
 25262 | Spider:3 | Reached skill level 5 in Evocations
 25597 | Spider:4 | Entered Level 4 of the Spider Nest
 25597 | Spider:4 | Noticed Roxanne
 25615 | Spider:4 | Killed Roxanne
 25648 | Spider:4 | Noticed Arachne
 25762 | Spider:4 | Killed Arachne
 26306 | Spider:4 | Got a gossamer rune of Zot
 26558 | Spider:4 | Reached skill level 10 in Evocations
 27252 | Vaults:1 | Entered Level 1 of the Vaults
 27275 | Vaults:1 | Reached XP level 18. HP: 107/154 MP: 25/25
 27827 | Swamp:4  | Entered Level 4 of the Swamp
 27961 | Swamp:4  | Identified the +2 leather armour of Xom's Whim {Harm rPois
                  | rCorr Int+4}
 28008 | Swamp:4  | Reached skill level 15 in Dodging
 28227 | Swamp:4  | Reached skill level 1 in Throwing
 28618 | Swamp:4  | Reached skill level 5 in Throwing
 28684 | Swamp:4  | Got a decaying rune of Zot
 29386 | Slime:1  | Entered Level 1 of the Pits of Slime
 29705 | Slime:5  | Entered Level 5 of the Pits of Slime
 29975 | Slime:5  | Noticed the Royal Jelly
 29980 | Slime:5  | Gained mutation: You tend to lose your temper in combat. [a
                  | shining eye]
 30293 | Slime:3  | Reached skill level 10 in Throwing
 30293 | Slime:3  | Reached XP level 19. HP: 84/160 MP: 26/26
 30852 | Slime:5  | Found a viscous altar of Jiyva.
 30864 | Slime:5  | Found the +5 demon whip "Spellbinder" {antimagic, Will+}
 30917 | Slime:5  | Demolished by an azure jelly

Illustrated notes

Levels and vault maps discovered:
D:1:      evilmike_arrival_crescent, layout_loops_ring,
          minmay_misc_feat_ornament, st_stairs_11
D:2:      layout_loops_cross, shapermc_ecumenical_altar_totnotflames,
          basic_altar
D:3:      layout_rooms
D:4:      layout_rooms, chequers_ossuary_entry_cave, minmay_misc_feat_diagonals
D:5:      layout_basic, nicolae_tso_besieged_by_evil, minmay_temple_entry_fiery,
          serial_undead, serial_undead_b, serial_undead_b, serial_undead_d,
          serial_undead_c, gammafunk_ghost_split, portal_sewer_entry_f
D:6:      gammafunk_steamed_eel, layout_basic
D:7:      layout_loops_corners, nicolae_overflow_hidden_temple, centaur_isle
D:8:      layout_basic, fedhas_bush_and_centaur_altar,
          chequers_temple_overflow_statue_of_worship
D:9:      layout_roguey, minitemple, ebering_ghost_disaster_area, uniq_harold,
          uniq_psyche, uniq_erica
D:10:     layout_basic, due_lair_maze_entry_diamond
D:11:     layout_grid_maze, nrook_loot_triangle
D:12:     layout_roguey, zombieorc2_lemuel,
          portal_ice_cave_entry_animals_and_master
D:13:     minmay_the_grid_octo_triangle [minmay_the_grid_octo_concentric,
          minmay_the_grid_octo_prize_square_snowflake,
          minmay_the_grid_octo_thin_diamonds], layout_small_grid,
          grunt_vaults_entry_fortified, serial_shops, nicolae_shop_crystal,
          nrook_guardian_serpent_double
D:14:     layout_gridville, roderic_nine_men_s_morris, gauntlet_entry_generic,
          uniq_rupert
D:15:     grunt_enter_depths_hoard, layout_loops_ring,
          okawaru_ov_weapons_minmay, grunt_ministairs_5, minmay_shattered_shrine
Lair:1:   layout_regular_city, ldierk_geyser, minivault_11
Lair:2:   layout_small_grid, spider_nest_entry_rubble, pond, lemuel_fruit_fields
Lair:3:   layout_chaotic_city, skrybe_swamp_entry_bodies, uniq_sonja
Lair:4:   layout_hall_layers, serial_bayou, serial_bayou_pond_b,
          serial_bayou_pond_a, serial_bayou_pond_a, serial_bayou_ford_a,
          infiniplex_staircase_pool_2
Lair:5:   layout_regular_city
Lair:6:   minmay_lair_end_frog_pond, layout_gridlike, slime_dummy,
          chequers_serial_rivers_small_a
Swamp:1:  layout_basic_swamp, hangedman_swamp_lotus
Swamp:2:  layout_basic_swamp, nicolae_swamp_little_swirl,
          nicolae_swamp_super_fun_site, uniq_nikola
Swamp:3:  layout_falls_marsh, evilmike_swamp_ruin_rubble_1, swamp_pool1,
          nicolae_swamp_stuck_in_the_mud
Swamp:4:  swamp_fiery, layout_basic_swamp, swamp_pool2,
          nicolae_swamp_orc_logging_accident
Spider:1: layout_spider_delve, worms_lemuel, uniq_agnes
Spider:2: layout_spider_delve
Spider:3: layout_spider_delve, nicolae_spider_eight_legs, uniq_aizul
Spider:4: grunt_spider_rune_circles, hangedman_spider_tarantella_strand,
          uniq_arachne, uniq_roxanne
Slime:1:  layout_caves, basic_altar, special_room [special_room_jelly]
Slime:2:  layout_caves
Slime:3:  layout_caves
Slime:4:  layout_caves
Slime:5
Orc:1:    layout_diamond_mine, uniq_jorgrun
Orc:2:    st_orc_town, layout_caves, mines2_lemuel
Vaults:1: vaults_room_pools, v_misc_15, vaults_room_hallway,
          ontoclasm_vaults_claustrophobia, v_rooms_6,
          hangedman_vaults_stretched_pinwheel, st_diamondy,
          dpeg_vaults_monster_box, v_pattern_3, v_misc_15, vaults_room_boxed,
          vaults_room_door_hall, vaults_room_pools, hangedman_vaults_unwind,
          vaults_dpeg_spiral, layout_vaults_omnibox

Skill      XL: |  1  2  3  4  5  6  7  8  9 10 11 12 13 14 15 16 17 18 |
---------------+-------------------------------------------------------+-----
Fighting       | 4 5 6 7 10 11 12 | 12.2
Shields        | 4 5 6 7 8 10 11 12 13 14 15 | 15.0
Armour         | 4 5 6 7 8 10 11 12 13 14 15 16 | 16.8
Axes           | 3 4 5 7 8 10 12 14 15 17 18 | 18.0
Dodging        | 3 5 7 9 10 12 13 15 | 15.2
Invocations    | 2 5 6 8 9 11 | 11.9
Evocations     | 10 | 10.2
Throwing       | 10 | 10.7

Action                   |  1- 3 |  4- 6 |  7- 9 | 10-12 | 13-15 | 16-18 | 19-21 || total
-------------------------+-------+-------+-------+-------+-------+-------+-------++-------
Melee: War axe           |    70 |   103 |   218 |   525 |   899 |  1216 |    87 ||  3118
       Headbutt          |    10 |    23 |    55 |   152 |   312 |   464 |    27 ||  1043
       Scimitar          |       |       |       |    12 |    26 |    36 |       ||    74
Throw: Javelin           |       |       |       |       |       |     5 |       ||     5
Invok: Divine Shield     |       |       |       |       |     1 |       |       ||     1
       Cleansing Flame   |       |       |       |       |       |     7 |       ||     7
       Summon Divine War |       |       |       |       |       |     3 |       ||     3
Evoke: Wand              |       |       |       |     2 |       |     7 |       ||     9
       Phantom mirror    |       |       |       |       |       |     1 |       ||     1
  Use: Scroll            |       |       |    12 |     8 |    17 |    13 |     1 ||    51
       Potion            |       |       |     3 |     4 |     1 |    10 |     2 ||    20
Armor: Scale mail        |     7 |       |       |       |       |       |       ||     7
       Plate armour      |    47 |   109 |   141 |   342 |   317 |   564 |    33 ||  1553
       Ice dragon scales |       |       |       |       |    41 |       |       ||    41
Dodge: Dodged            |    18 |    31 |    41 |   113 |   323 |   653 |    61 ||  1240
Block: Kite shield       |    41 |    71 |   138 |   398 |   597 |   956 |    82 ||  2283
       Rpst.: Scimitar   |       |       |       |       |     3 |     3 |       ||     6

Table legend: (Time is in decaauts)
 A = Elapsed time spent in this place.
 B = Non-inter-level travel time spent in this place.
 C = Inter-level travel time spent in this place.
 D = Time resting spent in this place.
 E = Time spent auto-exploring this place.
 F = Levels seen in this place.
 G = Mean time per level.
                   A        B        C        D        E       F      G
               +--------+--------+--------+--------+--------+-----+--------+
         Total |  30748 |  27881 |   2867 |   3802 |  17643 |  40 |  768.7 |
       Dungeon |  15647 |  14160 |   1487 |   1449 |  10232 |  15 | 1043.1 |
          Lair |   5787 |   4951 |    836 |    402 |   3633 |   6 |  964.5 |
         Swamp |   1468 |   1374 |     94 |    447 |    423 |   4 |  367.0 |
   Spider Nest |   3578 |   3387 |    191 |    622 |   1812 |   4 |  894.5 |
    Slime Pits |   1427 |   1411 |     16 |    748 |     72 |   5 |  285.4 |
  Orcish Mines |   1673 |   1434 |    239 |    118 |    918 |   2 |  836.5 |
        Vaults |     34 |     34 |      0 |      0 |      6 |   1 |   34.0 |
         Sewer |    133 |    133 |      0 |      0 |     82 |   1 |  133.0 |
       Ossuary |    393 |    393 |      0 |      0 |    280 |   1 |  393.0 |
      Ice Cave |    605 |    605 |      0 |     14 |    182 |   1 |  605.0 |
               +--------+--------+--------+--------+--------+-----+--------+

Top non-repeatable levels by time:
     D:9: 1768 daAuts
    D:10: 1569 daAuts
    D:13: 1495 daAuts
Spider:4: 1289 daAuts
   Orc:2: 1224 daAuts
    D:11: 1208 daAuts
    D:15: 1172 daAuts
  Lair:1: 1081 daAuts
     D:7: 1081 daAuts
  Lair:6: 1067 daAuts
  Lair:3: 1052 daAuts
Spider:1: 1010 daAuts
  Lair:2: 1002 daAuts
    D:12: 998 daAuts
     D:8: 908 daAuts
